 Dungeon Crawl Stone Soup version 0.25.0-10-g039870ee82 (webtiles) character file.

Game seed: 2955551197730387781

15 Krehm the Sneak (level 2, -8/25 HPs)
             Began as a Naga Enchanter on June 23, 2020.
             Mangled by a goblin
             ... wielding a +0 dagger of electrocution
              (16 damage)
             ... on level 1 of the Dungeon.
             The game lasted 00:05:04 (1123 turns).

Krehm the Sneak (Naga Enchanter)                    Turns: 1123, Time: 00:05:04

Health: -8/25      AC:  1    Str: 10    XL:     2   Next: 50%
Magic:  4/5        EV:  9    Int: 15    God:
Gold:   49         SH:  3    Dex: 11    Spells: 2/5 levels left

rFire    . . .     SeeInvis +   a - +1 dagger
rCold    . . .     Gourm    .   h - +0 buckler
rNeg     . . .     Faith    .   b - +0 robe
rPois    +         Spirit   .   (no helmet)
rElec    .         Reflect  .   (no cloak)
rCorr    .         Harm     .   (no gloves)
MR       .....                  (no barding)
Stlth    +++.......             (no amulet)
HPRegen  0.08/turn              (no ring)
MPRegen  0.09/turn              (no ring)

@: very slow
A: large, see invisible, deformed body, poison resistance, slowness 2, slow
metabolism 1, spit poison 1, AC +0
a: Spit Poison


You were on level 1 of the Dungeon.
You were not hungry.

You visited 1 branch of the dungeon, and saw 1 of its levels.

You collected 49 gold pieces.

Inventory:

Hand Weapons
 a - a +1 dagger (weapon)
Missiles
 i - 7 javelins (quivered)
Armour
 b - a +0 robe (worn)
 h - a +0 buckler (worn)
Scrolls
 c - 2 scrolls of amnesia {unknown}
 e - a scroll of immolation {unknown}
 f - a scroll of fear {unknown}
 g - a scroll of blinking {unknown}
Potions
 j - a potion of magic {unknown}
Comestibles
 d - 2 rations


   Skills:
 + Level 1.0 Fighting
 - Level 1.0 Short Blades
 - Level 1.5 Dodging
 + Level 4.9 Stealth
 + Level 0.4 Shields
 - Level 2.1 Spellcasting
 - Level 3.0 Hexes


You had 2 spell levels left.
You knew the following spells:

 Your Spells              Type           Power        Failure   Level  Hunger
a - Corona                Hex            ##.....      10%         1    #......
b - Ensorcelled Hibernat  Hex/Ice        #.....       26%         2    ###....

Your spell library contained the following spells:

 Spells                   Type           Power        Failure   Level  Hunger
 Confusing Touch          Hex            ##......     28%         3    ###....
 Tukima's Dance           Hex            ##......     28%         3    ###....
 Dazzling Flash           Conj/Hex       #.....       47%         3    ###....


Dungeon Overview and Level Annotations

Branches:
Dungeon (1/15)

Altars:


Innate Abilities, Weirdness & Mutations

You cannot wear boots.
Your serpentine skin is tough. (AC +0)
You have supernaturally acute eyesight. (SInv)
Armour fits poorly on your strangely shaped body.
Your system is resistant to poisons. (rPois)
You cover ground very slowly.
You have a slow metabolism.
You can spit poison.


Message History

A goblin comes into view.
It is wielding a +0 dagger of electrocution.
All of the chunks of flesh in your inventory have rotted away.
The goblin shouts!
A bat comes into view.
You closely miss the goblin.
The goblin hits you with a +0 dagger of electrocution.
You hit the goblin.
The goblin is heavily wounded.
The goblin hits you with a +0 dagger of electrocution.
You are electrocuted!
Casting: Corona (safe; 10% risk of failure)
Confirm with . or Enter, or press ? or * to list all spells.
Aiming: Corona (safe; 10% risk of failure)
Press: ? - help, Shift-Dir - straight line, f - goblin
Aim: a goblin, wielding a +0 dagger of electrocution (moderately wounded, chance to defeat MR: 63%)
The goblin is outlined in light.
The goblin hits you with a +0 dagger of electrocution.
You are electrocuted!
Ouch! That really hurt!
You die...

#........##
###..#.###
#########..#.#
#..........#.#
#.#####.########.#.#
#........†..÷....#.#
########
#######.##########.#
#.......
#..........#.#####...
.#..
########.@g..........
#.#
#...#######.....#.#
##### #........
#######.# #.# #.. ###


You could see a goblin (corona).

Vanquished Creatures
  A giant cockroach (D:1)
  A goblin (D:1)
  A hobgoblin (D:1)
  2 jackals (D:1)
  2 kobolds (D:1)
  A ball python (D:1)
  2 bats (D:1)
  2 frilled lizards (D:1)
  2 rats (D:1)
14 creatures vanquished.

Notes
Turn   | Place    | Note
-------+----------+-------------------------------------------
     0 | D:1      | Krehm the Naga Enchanter began the quest for the Orb.
     0 | D:1      | Reached XP level 1. HP: 15/15 MP: 3/3
   502 | D:1      | Reached XP level 2. HP: 24/24 MP: 5/5
   506 | D:1      | Learned a level 2 spell: Ensorcelled Hibernation
  1091 | D:1      | Reached skill level 1 in Fighting
  1123 | D:1      | Mangled by a goblin

Illustrated notes

Levels and vault maps discovered:
D:1:      mushboom_english_gardens, layout_loops_ring

Skill      XL: |  1  2 |
---------------+-------+-----
Fighting       | 1 |  1.0
Short Blades   | |  1.0
Dodging        | |  1.5
Stealth        | |  4.9
Shields        | |  0.4
Spellcasting   | |  2.1
Hexes          | |  3.0

Action                   || total
-------------------------++-------
Melee: Dagger            ||    66
Throw: Javelin           ||     5
 Cast: Corona            ||     6
  Use: Potion            ||     1
 Stab: Sleeping          ||     1
Armor: Robe              ||    10
Dodge: Dodged            ||    38
Block: Buckler           ||     6
